 Dungeon Crawl Stone Soup version 0.30-a0-1163-gf69bf04e7a (webtiles) character file.

Game seed: 116837172728989210

8946 kae the Transmogrifier (level 11, -3/99 HPs)
             Began as a Merfolk Transmuter on Apr 28, 2023.
             Killed from afar by an acid dragon (30 damage)
             ... with a splash of acid
             ... on level 9 of the Dungeon.
             The game lasted 00:08:35 (8942 turns).

kae the Transmogrifier (Merfolk Transmuter)         Turns: 8942, Time: 00:08:35

Health: -3/99      AC:  9    Str: 16    XL:     11   Next: 38%
Magic:  21/21      EV: 13    Int: 20    God:
Gold:   1378       SH:  0    Dex: 15    Spells: 7/24 levels left

rFire   x .          .
                       - Unarmed
rCold   + + +        (shield currently unavailable)
rNeg    + . .        a - melded +0 robe
rPois   +            (helmet currently unavailable)
rElec   .            (cloak currently unavailable)
rCorr   .            (gloves currently unavailable)
SInv    .            D - melded +2 pair of boots
Will    +....        h - amulet of magic regeneration
Stlth   +            Z - ring of wizardry
HPRegen 0.36/turn    A - ring of Fofraph {rN+ Will+ Str+6 Int+3 Slay+3}
MPRegen 0.57/turn

%: wizardry (x1)
@: ice-form, wereblooded
A: freezing attack, boosted hp, large, (nimble swimmer 2), (mertail)
a: End Transformation


You were on level 9 of the Dungeon.
You were a creature of crystalline ice.
You visited 2 branches of the dungeon, and saw 10 of its levels.

You collected 1378 gold pieces.


Innate Abilities, Weirdness & Mutations

You are a creature of crystalline ice.
You have a powerful freezing melee attack.
Your maximum health is increased.
Your armour is entirely melded.
You are incapable of wielding weapons or throwing items.
((You are very nimble when in or above water. (Stealth+, EV+, Speed+++)))
((Your lower body shifts to a powerful aquatic tail in water.))


   Skills:
 + Level 6.8 Fighting
 + Level 8.4 Dodging
 + Level 8.9 Unarmed Combat
 + Level 7.2 Spellcasting
 + Level 10.1 Transmutations
 - Level 6.0 Ice Magic
 * Level 3.9 Air Magic
 - Level 2.0 Poison Magic


You had 7 spell levels left.
You knew the following spells:

 Your Spells              Type           Power      Damage    Failure   Level
a - Beastly Appendage     Tmut           94%        N/A       1%          1
b - Wereblood             Tmut           47%        N/A       1%          2
c - Spider Form           Tmut/Pois      31%        N/A       1%          3
d - Ice Form              Ice/Tmut       39%        N/A       1%          4
e - Storm Form            Tmut/Air       17%        N/A       83%         7

Your spell library contained the following spells:

 Spells                   Type           Power      Damage    Failure   Level
 Ensorcelled Hibernation  Hex/Ice        38%        N/A       1%          2
 Passwall                 Tmut/Erth      22%        N/A       1%          2
 Poisonous Vapours        Pois/Air       38%        N/A       1%          2
 Static Discharge         Conj/Air       30%        2-4/arc   2%          2
 Swiftness                Air            23%        N/A       2%          3
 Mephitic Cloud           Conj/Pois/Air  15%        N/A       4%          3
 Blink                    Tloc           14%        N/A       6%          2
 Airstrike                Air            11%        2d(2-18)  8%          4
 Summon Lightning Spire   Summ/Air       15%        N/A       16%         4
 Freezing Cloud           Conj/Ice/Air   10%        6-21      26%         5
 Manifold Assault         Tloc           7%         N/A       34%         4

Inventory:

Missiles
 c - 64 stones
 f - 17 poisoned darts
 g - 3 throwing nets {=f!f}
 l - 4 curare-tipped darts {=f}
 o - 9 boomerangs
Armour
 a - a +0 robe (melded)
 D - a +2 pair of boots (melded)
   (You found it on level 6 of the Dungeon)
Magical Staves
 n - a staff of poison {!a}
   (You found it on level 2 of the Dungeon)
 F - a staff of poison {!a}
   (You found it on level 7 of the Dungeon)
Jewellery
 h - an amulet of magic regeneration (around neck)
   (You found it on level 5 of the Dungeon)
 A - the ring of Fofraph (right front paw) {rN+ Will+ Str+6 Int+3 Slay+3}
   (You found it on level 6 of the Dungeon)

   [ring of strength]

   Str:       It affects your strength (+6).
   Int:       It affects your intelligence (+3).
   Slay:      It affects your accuracy & damage with ranged weapons and melee
   (+3).
   rN:        It protects you from negative energy.
   Will:      It increases your willpower.
 L - a ring of flight
   (You found it on level 4 of the Dungeon)
 Z - a ring of wizardry (left front paw)
   (You found it on level 1 of the Dungeon)
Wands
 e - a wand of mindburst (44)
   (You found it on level 3 of the Dungeon)
 u - a wand of flame (18)
   (You found it on level 5 of the Dungeon)
 x - a wand of iceblast (18)
   (You found it on level 6 of the Dungeon)
Scrolls
 j - 3 scrolls of poison {!r}
 m - 8 scrolls of teleportation {@r4}
 r - 2 scrolls of vulnerability {!r!r}
 t - a scroll of torment {!r}
 v - 2 scrolls of silence {!r}
 y - a scroll of fog
 E - a scroll of blinking {!r}
Potions
 b - 3 potions of lignification {!q}
 d - a potion of mutation {unknown}
 i - 3 potions of degeneration {!q}
 k - 4 potions of haste {@q3}
 p - a potion of might
 q - a potion of brilliance {unknown}
 s - 2 potions of heal wounds {unknown}
 w - 3 potions of curing {@q1}
 z - a potion of berserk rage {unknown}
 B - 2 potions of attraction {!q}
 C - a potion of flight {unknown}

Dungeon Overview and Level Annotations

Branches:
Dungeon (9/15) Zot: 26652  Temple (1/1) D:6 Zot: 5983
   Lair: D:8-11         Orc: D:9-12

Altars:
Ashenzari
Cheibriados
Elyvilon
Fedhas
Gozag
Hepliaklqana
Kikubaaqudgha
Makhleb
Nemelex Xobeh
Okawaru
Qazlal
Sif Muna
Trog
Uskayaw
Vehumet
Wu Jian
Xom
Yredelemnul
Zin
The Shining One

Annotations:
D:4 2 runed translucent doors, KineticRobot's ghost, amateur HOFi
D:7 3 runed translucent doors, kae's ghost, novice DgTm
D:9 1 runed translucent door, lorenzova's ghost, novice DECj

... #.# ## #.# ...
### #.# #####.###
..#####.#####........
#.##..#.†..##.....D..
#.##....#..##........
#.##.####.###Y.......
#.....#|..†..Y.......
#.###.####.##........
#.##..#....##.)......
#.##....#..##........
#.#####.#####.#######
####.#####.#####..
).......)).......<
)................#
.........####..###


You could see a catoblepas and an acid dragon (catching breath).


Message History

You hit the acid dragon but do no damage.
The acid dragon misses you. The acid dragon barely misses you.
You pummel the acid dragon!! You freeze the acid dragon.
You barely miss the acid dragon. The acid dragon barely misses you.
The acid dragon claws you but does no damage.
You punch the acid dragon! You freeze the acid dragon.
You kill the acid dragon!
No target in view!
An acid dragon comes into view.
The acid dragon roars!
You hear a bellow!
You hear a roar!
You punch the acid dragon! You freeze the acid dragon.
The acid dragon bites you but does no damage.
The acid dragon claws you.
You pummel the acid dragon!! You freeze the acid dragon.
You kill the acid dragon! 😕 HP[-1]
You take 1 damage, and now have 98/99 hp.
No target in view!
No target in view!
No target in view!
No target in view!
You see here an acid dragon corpse. 😎 HP[+1]
Your hp is fully restored (99).
Unknown command.
A yak comes into view.
The yak bellows!
A yak comes into view.
Unknown command.
There are monsters nearby!
Unknown command.
There are monsters nearby!
Casting: Ice Form (mildly dangerous; 1% risk of failure)
Confirm with . or Enter, or press ? or * to list all spells.
You extend your transformation's duration.
The yak bellows! 😎 MP[-3]
You lost 3 mp, and now have 18/21 mp.
Casting: Ice Form (mildly dangerous; 1% risk of failure)
Confirm with . or Enter, or press ? or * to list all spells.
Your blood is infused with primal strength.
The yak gores you. 😕 HP[-6] MP[-1]
You take 6 damage, and now have 93/99 hp.
You lost 1 mp, and now have 17/21 mp.
You hit the yak. You freeze the yak. The yak gores you!
You pummel the yak!! You freeze the yak!
You feel a bit better.
You kill the yak! 😕 HP[-6] MP[+1]
You take 6 damage, and now have 87/99 hp.
You punch the yak! You freeze the yak. You punch the yak! You freeze the yak.
The yak closely misses you. 😕 MP[+1]
You punch the yak! You freeze the yak.
You feel a bit better.
You kill the yak!
You howl as the wereblood boils in your veins!
You hear a bellow!
No target in view! 😕 HP[+3] MP[+1]
You regained 3 hp, and now have 90/99 hp.
No target in view!
No target in view!
You howl as the wereblood boils in your veins!
Things that are here:
a yak corpse; a yak corpse 😕 MP[+1]
Your mp is fully restored (21).
A catoblepas comes into view.
You howl as the wereblood boils in your veins!
The catoblepas bellows! 😕 HP[+1]
You howl as the wereblood boils in your veins!
You punch the catoblepas! You freeze the catoblepas.
The catoblepas completely misses you.
You punch the catoblepas! You freeze the catoblepas.
An acid dragon comes into view.
The catoblepas gores you! 😕 HP[-12]
You take 12 damage, and now have 79/99 hp.
The acid dragon roars!
You hit the catoblepas. You freeze the catoblepas.
You howl as the wereblood boils in your veins!
The catoblepas gores you!!
You are too injured to fight recklessly! 😮 HP[-25]
You take 25 damage, and now have 54/99 hp.
MASSIVE DAMAGE!! (PAUSE)
You pummel the catoblepas!! You freeze the catoblepas.
You howl as the wereblood boils in your veins!
Unknown command.
You punch the catoblepas! You freeze the catoblepas. The catoblepas gores you!!
* * * LOW HITPOINT WARNING * * *
😨 HP[-28]
You take 28 damage, and now have 26/99 hp.
MASSIVE DAMAGE!! (PAUSE)
You hit the catoblepas but do no damage.
You howl as the wereblood boils in your veins!
The acid dragon spits acid at you. The splash of acid hits you!!
You die...

Skill      XL: |  1  2  3  4  5  6  7  8  9 10 11 |
---------------+----------------------------------+-----
Transmutations | 3 4 5 6 7 8 9 10 | 10.1
Poison Magic   | 1 2 |  2.0
Unarmed Combat | 4 5 6 7 8 |  8.9
Spellcasting   | 3 4 5 6 7 |  7.2
Ice Magic      | 1 3 4 6 |  6.0
Dodging        | 4 6 7 8 |  8.4
Fighting       | 2 5 6 |  6.8
Air Magic      | 2 3 |  3.9

Action                     |  1- 3 |  4- 6 |  7- 9 | 10-12 || total
---------------------------+-------+-------+-------+-------++-------
  Melee: Unarmed           |    86 |   129 |   246 |   190 ||   651
         Headbutt          |    13 |     5 |       |       ||    18
         Punch             |     3 |     1 |     1 |       ||     5
   Cast: Beastly Appendage |    18 |     5 |       |       ||    23
         Spider Form       |     2 |    25 |     6 |       ||    33
         Wereblood         |     1 |     1 |    10 |    13 ||    25
         Ice Form          |       |       |    22 |    24 ||    46
    Use: Scroll            |     2 |     7 |     6 |     1 ||    16
         Potion            |     1 |       |     1 |       ||     2
   Stab: Sleeping          |       |     3 |       |       ||     3
         Invisible         |       |       |     4 |       ||     4
 Armour: Robe              |    18 |     8 |       |       ||    26
         Skin              |     3 |     6 |    70 |    57 ||   136
  Dodge: Dodged            |   106 |    84 |   118 |    92 ||   400

Levels and vault maps discovered:
D:1:      grunt_arrival_crossed_arrows, layout_rooms,
          nicolae_ecumenical_snake_handling, serial_park_tiny_1
D:2:      layout_rooms, minmay_misc_feat_hallway, uniq_robin, uniq_terence
D:3:      layout_rooms, mainiacjoe_overflow_surrounded_room,
          minmay_snake_closets
D:4:      layout_rooms, mainiacjoe_overflow_24_doors,
          ebering_ghost_disaster_area, uniq_ijyb
D:5:      layout_basic, mainiacjoe_overflow_divided_tiny,
          guppyfry_early_lair_pool
D:6:      minmay_flawed_box, layout_rooms, mainiacjoe_overflow_paths, tgw_sif,
          eat_drink_and_be_merry_uskayaw, minmay_temple_entry_overgrown,
          lightli_church_of_beogh
D:7:      layout_basic, elyvilon_altar_4, biasface_ghost_orc_armoury,
          sword_in_stone, uniq_prince_ribbit1, uniq_joseph, uniq_duvessa
D:8:      layout_basic, nicolae_yredelemnul_corpse_copse, serial_rivers,
          chequers_serial_rivers_large_b, chequers_serial_rivers_micro_c,
          chequers_serial_rivers_micro_d, chequers_serial_rivers_marsh,
          chequers_serial_rivers_micro_a, minmay_misc_feat_chi
D:9:      minmay_the_grid_plus [minmay_the_grid_embedded,
          minmay_the_grid_armoury, minmay_the_grid_box_x,
          minmay_the_grid_broken_lines, minmay_the_grid_prize_trominoes],
          layout_stronghold, ebering_ghost_funeral_grove, uniq_erolcha
Temple:   minmay_freezing_vapour_temple

Notes
Turn   | Place    | Note
-------+----------+-------------------------------------------
     0 | D:1      | kae the Merfolk Transmuter began the quest for the Orb.
     0 | D:1      | Reached XP level 1. HP: 15/15 MP: 3/3
     0 | D:1      | magus.rc [v1.11.3]
    55 | D:1      | Found a faded altar of an unknown god.
   126 | D:1      | Reached XP level 2. HP: 17/21 MP: 5/5
   154 | D:1      | Reached skill level 3 in Transmutations
   172 | D:1      | You pick up a book of Burglary and begin reading...
   172 | D:1      | You add the spells Passwall, Ensorcelled Hibernation and
                  | Swiftness to your library.
   291 | D:1      | Reached skill level 1 in Poison Magic
   330 | D:1      | Reached XP level 3. HP: 23/26 MP: 6/6
   343 | D:1      | Learned a level 2 spell: Wereblood
   347 | D:1      | Learned a level 3 spell: Spider Form
   731 | D:2      | Noticed Robin
   742 | D:1      | Killed Robin
   744 | D:1      | HP: 2/26 [hobgoblin[Robin] (7)]
   870 | D:2      | Reached XP level 4. HP: 32/32 MP: 2/7
   958 | D:2      | Noticed Terence
   969 | D:2      | Killed Terence
   970 | D:2      | Reached skill level 4 in Unarmed Combat
  1223 | D:2      | Reached skill level 2 in Poison Magic
  1585 | D:3      | You add the spells Blink, Manifold Assault and Storm Form
                  | to your library.
  1649 | D:3      | Reached skill level 4 in Transmutations
  1708 | D:3      | Identified the +1 pair of boots of Boiling Hail {rN++
                  | Will-}
  1724 | D:3      | Reached skill level 3 in Spellcasting
  1724 | D:3      | Reached XP level 5. HP: 29/37 MP: 5/9
  1873 | D:3      | Learned a level 4 spell: Ice Form
  2003 | D:3      | You pick up a book of Storms and begin reading...
  2003 | D:3      | You add the spells Static Discharge, Airstrike and Summon
                  | Lightning Spire to your library.
  2086 | D:3      | Found a broken altar of Ashenzari.
  2311 | D:3      | HP: 7/37 [adder (3)]
  2313 | D:3      | Reached skill level 1 in Ice Magic
  2793 | D:4      | Noticed an ogre
  2807 | D:4      | Reached XP level 6. HP: 39/43 MP: 6/10
  2815 | D:4      | Reached skill level 2 in Ice Magic
  2971 | D:4      | Reached skill level 5 in Transmutations
  3057 | D:4      | Noticed Ijyb
  3067 | D:4      | Reached skill level 5 in Unarmed Combat
  3067 | D:4      | Reached skill level 3 in Ice Magic
  3067 | D:4      | Reached XP level 7. HP: 42/48 MP: 8/12
  3075 | D:4      | Killed Ijyb
  3270 | D:4      | Found a snail-covered altar of Cheibriados.
  3493 | D:4      | Reached skill level 4 in Ice Magic
  3672 | D:4      | Found a large runed translucent door.
  3672 | D:4      | Found a large runed translucent door.
  3673 | D:4      | Noticed KineticRobot's ghost (amateur HOFi)
  3767 | D:5      | Entered Level 5 of the Dungeon
  3790 | D:5      | Reached skill level 4 in Spellcasting
  3894 | D:5      | Reached skill level 6 in Transmutations
  3894 | D:5      | Reached XP level 8. HP: 44/54 MP: 9/14
  4075 | D:5      | Found a burning altar of Makhleb.
  4076 | D:5      | Found an iron altar of Okawaru.
  4167 | D:5      | You pick up a book of Vapours and begin reading...
  4167 | D:5      | You add the spells Poisonous Vapours, Mephitic Cloud and
                  | Freezing Cloud to your library.
  4177 | D:5      | Reached skill level 3 in Dodging
  4177 | D:5      | Reached skill level 5 in Ice Magic
  4788 | D:5      | Identified a scroll of acquirement
  4788 | D:5      | Acquired 892 gold pieces
  4816 | D:6      | Found a hide-covered altar of Uskayaw.
  4869 | D:6      | Found a blossoming altar of Fedhas.
  5035 | D:6      | Reached skill level 2 in Fighting
  5153 | D:6      | Reached skill level 6 in Unarmed Combat
  5180 | D:6      | Identified the ring of Fofraph {rN+ Will+ Str+6 Int+3
                  | Slay+3}
  5232 | D:6      | Found a staircase to the Ecumenical Temple.
  5246 | Temple   | Entered the Ecumenical Temple
  5310 | D:6      | Found a runed translucent door.
  5434 | D:6      | Found a shimmering blue altar of Sif Muna.
  5641 | D:6      | Reached skill level 4 in Dodging
  5641 | D:6      | Reached skill level 6 in Ice Magic
  5669 | D:6      | Reached skill level 5 in Spellcasting
  5669 | D:6      | Reached skill level 7 in Transmutations
  5669 | D:6      | Reached XP level 9. HP: 45/62 MP: 16/16
  5675 | D:6      | Reached skill level 3 in Fighting
  5876 | D:7      | Noticed Joseph
  5970 | D:7      | HP: 14/75 [Joseph/+0 quarterstaff (7)]
  5971 | D:7      | HP: 5/75 [Joseph/+0 quarterstaff (9)]
  5972 | D:7      | Killed Joseph
  6291 | D:7      | Reached skill level 5 in Dodging
  6315 | D:7      | Reached skill level 4 in Fighting
  6327 | D:7      | Reached skill level 7 in Unarmed Combat
  6443 | D:7      | Found a white marble altar of Elyvilon.
  6453 | D:7      | Noticed Duvessa
  6459 | D:7      | Killed Duvessa
  6461 | D:7      | Noticed Dowan
  6466 | D:7      | Killed Dowan
  6575 | D:7      | Reached skill level 8 in Transmutations
  6579 | D:7      | Reached skill level 6 in Dodging
  6591 | D:7      | Reached skill level 5 in Fighting
  6591 | D:7      | Reached skill level 6 in Spellcasting
  6591 | D:7      | Reached XP level 10. HP: 65/74 MP: 17/19
  6663 | D:7      | Found the +9 sword of Power {lifebolt}
  6666 | D:7      | Noticed Blork the orc
  6691 | D:7      | Killed Blork the orc
  7158 | D:7      | Found a runed translucent gate.
  7158 | D:7      | Found a runed translucent gate.
  7158 | D:7      | Found a runed translucent gate.
  7164 | D:7      | Noticed kae's ghost (novice DgTm)
  7292 | D:7      | Noticed Prince Ribbit
  7303 | D:7      | Killed Prince Ribbit
  7304 | D:7      | Reached skill level 7 in Dodging
  7304 | D:7      | Reached skill level 9 in Transmutations
  7393 | D:7      | Learned a level 7 spell: Storm Form
  7466 | D:8      | Reached skill level 8 in Unarmed Combat
  7576 | D:8      | Reached skill level 1 in Air Magic
  7655 | D:8      | Reached skill level 6 in Fighting
  7655 | D:8      | Reached skill level 2 in Air Magic
  8042 | D:8      | Noticed a two-headed ogre
  8058 | D:8      | Killed a two-headed ogre
  8059 | D:8      | Reached XP level 11. HP: 41/81 MP: 18/21
  8226 | D:8      | Reached skill level 8 in Dodging
  8226 | D:8      | Reached skill level 3 in Air Magic
  8232 | D:8      | Found a basalt altar of Yredelemnul.
  8296 | D:8      | Noticed a two-headed ogre
  8302 | D:8      | Killed a two-headed ogre
  8303 | D:8      | Reached skill level 7 in Spellcasting
  8681 | D:9      | Found a runed translucent door.
  8686 | D:9      | Identified the +12 trident of the Thing {freeze, rC+}
  8689 | D:9      | Noticed lorenzova's ghost (novice DECj)
  8712 | D:9      | Noticed Erolcha
  8721 | D:9      | Killed Erolcha
  8722 | D:9      | Reached skill level 10 in Transmutations
  8935 | D:9      | Noticed a catoblepas
  8942 | D:9      | Killed from afar by an acid dragon

Vanquished Creatures
  Erolcha (D:9)
  2 two-headed ogres (D:8)
  Joseph (D:7)
  An unseen horror zombie (D:8)
  Prince Ribbit (D:7)
  A wyvern (D:8)
  11 yaks
  Duvessa (D:7)
  3 acid dragons
  A water moccasin (D:7)
  3 ice beasts
  A hornet zombie (D:8)
  7 orc warriors
  2 ogres (D:4)
  A sky beast (D:8)
  2 centaurs
  2 phantoms (D:5)
  Blork the orc (D:7)
  2 kobold brigands (D:8)
  A bullfrog (D:7)
  3 gnoll sergeants
  A wyvern zombie (D:8)
  A scorpion (D:4)
  3 wights (D:8)
  Dowan (D:7)
  4 killer bees (D:7)
  4 howler monkeys
  A centaur zombie (D:8)
  2 hounds
  7 orc priests
  A jelly (D:7)
  A gnoll bouda (D:9)
  Terence (D:2)
  3 iguanas
  2 sleepcaps (D:4)
  Ijyb (D:4)
  20 orc wizards
  3 killer bee zombies (D:8)
  Robin (D:1)
  2 howler monkey zombies (D:8)
  5 gnolls (D:9)
  10 adders
  A shadow imp (D:6)
  3 white imps
  A worm (D:2)
  2 dart slugs
  48 orcs
  5 endoplasms
  3 giant cockroaches
  15 goblins
  8 hobgoblins
  3 jackals (D:1)
  14 kobolds
  15 ball pythons
  6 bats
  2 frilled lizards
  5 rats
253 creatures vanquished.

Vanquished Creatures (others)
  A quokka (D:7)
  A fungus (D:9)
  6 plants
8 creatures vanquished.

Grand Total: 261 creatures vanquished

Table legend:
 A = Non-vault XP
 B = Vault XP
 C = Vault XP percentage of total XP
 D = Non-vault monster count
 E = Vault monster count
 F = Vault count percentage of total count
                 A         B        C        D         E       F
            +---------+---------+-------+---------+---------+-------
      Total |    7848 |    4933 |  38.6 |     168 |      85 |  33.6
            +---------+---------+-------+---------+---------+-------
        D:1 |      49 |      27 |  35.5 |      30 |       7 |  18.9
        D:2 |      23 |      45 |  66.2 |       5 |       6 |  54.5
        D:3 |      87 |      67 |  43.5 |      14 |      13 |  48.1
        D:4 |     651 |      35 |   5.1 |      28 |       1 |   3.4
        D:5 |     568 |       0 |   0.0 |      13 |       0 |   0.0
        D:6 |      57 |     883 |  93.9 |       3 |      33 |  91.7
        D:7 |    2197 |    1509 |  40.7 |      23 |       9 |  28.1
        D:8 |    3894 |     734 |  15.9 |      40 |       9 |  18.4
        D:9 |     322 |    1633 |  83.5 |      12 |       7 |  36.8
            +---------+---------+-------+---------+---------+-------

Skill      XL: |  1  2  3  4  5  6  7  8  9 10 11 |
---------------+----------------------------------+-----
Transmutations | 3 4 5 6 7 8 9 10 | 10.1
Poison Magic   | 1 2 |  2.0
Unarmed Combat | 4 5 6 7 8 |  8.9
Spellcasting   | 3 4 5 6 7 |  7.2
Ice Magic      | 1 3 4 6 |  6.0
Dodging        | 4 6 7 8 |  8.4
Fighting       | 2 5 6 |  6.8
Air Magic      | 2 3 |  3.9

Action                     |  1- 3 |  4- 6 |  7- 9 | 10-12 || total
---------------------------+-------+-------+-------+-------++-------
  Melee: Unarmed           |    86 |   129 |   246 |   190 ||   651
         Headbutt          |    13 |     5 |       |       ||    18
         Punch             |     3 |     1 |     1 |       ||     5
   Cast: Beastly Appendage |    18 |     5 |       |       ||    23
         Spider Form       |     2 |    25 |     6 |       ||    33
         Wereblood         |     1 |     1 |    10 |    13 ||    25
         Ice Form          |       |       |    22 |    24 ||    46
    Use: Scroll            |     2 |     7 |     6 |     1 ||    16
         Potion            |     1 |       |     1 |       ||     2
   Stab: Sleeping          |       |     3 |       |       ||     3
         Invisible         |       |       |     4 |       ||     4
 Armour: Robe              |    18 |     8 |       |       ||    26
         Skin              |     3 |     6 |    70 |    57 ||   136
  Dodge: Dodged            |   106 |    84 |   118 |    92 ||   400

Illustrated notes

Table legend:
 A = Kills in this place as a percentage of kills in the entire game.
 B = Kills by you in this place as a percentage of kills by you in the entire game.
 C = Kills by friends in this place as a percentage of kills by friends in the entire game.
 D = Other kills in this place as a percentage of other kills in the entire game.
 E = Experience gained in this place as a percentage of experience gained in the entire game.
 F = Experience gained in this place divided by the number of levels of this place that you have seen.
                   A       B       C       D       E      F
               +-------+-------+-------+-------+-------+----------------------
         Total | 100.0 | 100.0 |   N/A |   N/A | 100.0 | 1278.1
       Dungeon | 100.0 | 100.0 |   N/A |   N/A | 100.0 | 1420.1
               +-------+-------+-------+-------+-------+----------------------

Table legend: (Time is in decaauts)
 A = Elapsed time spent in this place.
 B = Non-inter-level travel time spent in this place.
 C = Inter-level travel time spent in this place.
 D = Time resting spent in this place.
 E = Time spent auto-exploring this place.
 F = Levels seen in this place.
 G = Mean time per level.
                   A        B        C        D        E       F      G
               +--------+--------+--------+--------+--------+-----+--------+
         Total |   8845 |   8591 |    254 |    112 |   6805 |  10 |  884.5 |
       Dungeon |   8828 |   8575 |    253 |    112 |   6794 |   9 |  980.9 |
        Temple |     16 |     16 |      0 |      0 |     11 |   1 |   16.0 |
               +--------+--------+--------+--------+--------+-----+--------+

Top non-repeatable levels by time:
     D:7: 1624 daAuts
     D:3: 1147 daAuts
     D:8: 1091 daAuts
     D:5: 1033 daAuts
     D:4: 1025 daAuts
     D:6: 985 daAuts
     D:1: 852 daAuts
     D:2: 720 daAuts
     D:9: 346 daAuts
  Temple: 16 daAuts
